 Dungeon Crawl Stone Soup version 0.24-a0-434-gd57e52fea8 (webtiles) character file.

Game seed: 1192502361107966427

24 Anmu the Sneak (level 2, -1/17 HPs)
             Began as a Vampire Assassin on June 16, 2019.
             Slain by a quokka (2 damage)
             ... on level 1 of the Dungeon.
             The game lasted 00:02:23 (541 turns).

Anmu the Sneak (Vampire Assassin)                    Turns: 541, Time: 00:02:24

Health: -1/17      AC:  3    Str: 10    XL:     2   Next: 79%
Magic:  2/2        EV: 12    Int: 13    God:
Gold:   30         SH:  0    Dex: 15    Spells: 1/1 levels left

rFire    . . .     SeeInvis +   a - +2 dagger
rCold    + + .     Gourm    .   (no shield)
rNeg     + + +     Faith    .   b - +0 robe
rPois    ∞         Spirit   .   (no helmet)
rElec    .         Reflect  .   c - +0 cloak
rCorr    .         Harm     .   (no gloves)
MR       .....                  (no boots)
Stlth    ++++++....             (no amulet)
HPRegen  0.00/turn              (no ring)
MPRegen  0.08/turn              (no ring)

@: bloodless, regenerating quickly
A: no food, fangs 3, see invisible, unbreathing
a: Revivify


You were on level 1 of the Dungeon.
You were bloodless.

You visited 1 branch of the dungeon, and saw 2 of its levels.

You collected 30 gold pieces.

Inventory:

Hand Weapons
 a - a +2 dagger (weapon)
Missiles
 d - 8 poisoned darts (quivered)
 e - 2 curare-tipped darts
Armour
 b - a +0 robe (worn)
 c - a +0 cloak (worn)
Scrolls
 f - a scroll of identify {unknown}
 g - a scroll of fog {unknown}
 h - a scroll of blinking {unknown}
 i - a scroll of amnesia {unknown}
Potions
 j - a potion of heal wounds {unknown}
 k - 2 potions of curing {unknown}
 l - a potion of berserk rage {unknown}
 m - a potion of might {unknown}


   Skills:
 + Level 1.8 Fighting
 + Level 2.2 Short Blades
 - Level 1.5 Throwing
 + Level 1.1 Dodging
 * Level 7.3 Stealth


You had one spell level left.
You didn't know any spells.
Your spell library was empty.

Dungeon Overview and Level Annotations

Branches:
Dungeon (2/15)

Altars:


Innate Abilities, Weirdness & Mutations

You do not eat.
You do not regenerate when monsters are visible.
You are frail without blood (-20% HP).
You are immune to poison.
You have razor-sharp teeth.
You have supernaturally acute eyesight. (SInv)
You can survive without breathing.


Message History

The bat closely misses you. The bat hits you but does no damage.
The bat closely misses you.
There is a stone staircase leading up here.
The bat hits you but does no damage. x2; The quokka barely misses you.
You climb upwards.
There is a stone staircase leading down here.
You miss the quokka. The bat hits you.
* * * LOW HITPOINT WARNING * * *
The quokka barely misses you.
You barely miss the quokka. The bat misses you.
The quokka bites you but does no damage.
You closely miss the quokka. Your bite misses the quokka.
The bat hits you but does no damage. The quokka closely misses you.
The quokka misses you.
You hit the quokka but do no damage. The bat hits you but does no damage.
The quokka barely misses you.
You closely miss the quokka. The bat hits you.
* * * LOW HITPOINT WARNING * * *
The bat misses you. The quokka bites you.
You die...

##.......##...................#
####.....##...................#
#.....#####...................#
#.##.######.................###
............................#####
.............>...................
..................#.............)
........###.†...r......##........
................@b##.####........
........###..........# ##.......
..).....# #.......#### #...[...
........# #.......# ########
######### #.......# #########


You could see a quokka and a bat.

Vanquished Creatures
  A dart slug (D:1)
  A giant cockroach (D:1)
  2 goblins (D:1)
  4 hobgoblins
  6 bats
  3 frilled lizards
  2 kobolds (D:1)
  5 rats
24 creatures vanquished.

Notes
Turn   | Place    | Note
-------+----------+-------------------------------------------
     0 | D:1      | Anmu the Vampire Assassin began the quest for the Orb.
     0 | D:1      | Reached XP level 1. HP: 16/16 MP: 1/1
    28 | D:1      | Reached skill level 6 in Stealth
   114 | D:1      | Reached XP level 2. HP: 13/17 MP: 2/2
   288 | D:1      | Reached skill level 7 in Stealth
   502 | D:2      | Noticed a crimson imp
   541 | D:1      | Slain by a quokka

Levels and vault maps discovered:
D:1:      nzn_arrival_depleted_hourglass, layout_rooms
D:2:      layout_rooms, lemuel_doored_altar

Skill      XL: |  1  2 |
---------------+-------+-----
Stealth        | 6 7 |  7.3
Fighting       | |  1.8
Short Blades   | |  2.2
Throwing       | |  1.5
Dodging        | |  1.1

Action                   || total
-------------------------++-------
Melee: Dagger            ||    68
       Bite              ||     3
 Abil: Exsanguinate      ||     1
 Stab: Sleeping          ||    12
Armor: Robe              ||    37
Dodge: Dodged            ||    67

Table legend:
 A = Non-vault XP
 B = Vault XP
 C = Vault XP percentage of total XP
 D = Non-vault monster count
 E = Vault monster count
 F = Vault count percentage of total count
                 A         B        C        D         E       F
            +---------+---------+-------+---------+---------+-------
      Total |      35 |       0 |   0.0 |      24 |       0 |   0.0
            +---------+---------+-------+---------+---------+-------
        D:1 |      30 |       0 |   0.0 |      20 |       0 |   0.0
        D:2 |       5 |       0 |   0.0 |       4 |       0 |   0.0
            +---------+---------+-------+---------+---------+-------
